 Dungeon Crawl Stone Soup version 0.21.1-1-g345015f (webtiles) character file.

126 zishaf the Chopper (level 4, 0/40 HPs)
             Began as a Minotaur Fighter on May 15, 2018.
             Was an Initiate of Yredelemnul.
             Succumbed to a kobold's poison
             ... on level 3 of the Dungeon.
             The game lasted 00:04:56 (1787 turns).

zishaf the Chopper (Minotaur Fighter)               Turns: 1787, Time: 00:04:57

Health: 0/40       AC:  7    Str: 22    XL:     4   Next: 83%
Magic:  12/12      EV:  7    Int:  5    God:    Yredelemnul [......]
Gold:   173        SH:  9    Dex:  9    Spells: 3/3 levels left

rFire    . . .     SeeInvis .   a - +0 war axe
rCold    . . .     Gourm    .   c - +0 shield
rNeg     . . .     Faith    .   b - +0 scale mail
rPois    .         Spirit   .   (helmet restricted)
rElec    .         Reflect  .   (no cloak)
rCorr    .         Harm     .   (no gloves)
MR       .....                  (no boots)
Stlth    ..........             (no amulet)
HPRegen  0.13/turn              n - ring of magical power
MPRegen  0.13/turn              (no ring)

@: lethally poisoned (0 -> -12)
A: retaliatory headbutt, horns 2
a: Renounce Religion


You were on level 3 of the Dungeon.
You worshipped Yredelemnul.
Yredelemnul was noncommittal.
You were not hungry.

You visited 1 branch of the dungeon, and saw 3 of its levels.

You collected 173 gold pieces.

Inventory:

Hand Weapons
 a - a +0 war axe (weapon)
Armour
 b - a +0 scale mail (worn)
 c - a +0 shield (worn)
Jewellery
 n - a ring of magical power (left hand)
Scrolls
 e - a scroll of amnesia {unknown}
 i - 4 scrolls of teleportation {unknown}
 j - 2 scrolls of magic mapping {unknown}
 l - a scroll of remove curse {unknown}
 o - 2 scrolls of identify {unknown}
 r - a scroll of enchant armour {unknown}
Potions
 d - a potion of might
 h - a potion of invisibility {unknown}
 k - a potion of agility {unknown}
 m - a potion of haste {unknown}
 p - a potion of heal wounds {unknown}
 q - a potion of resistance {unknown}
 s - 2 potions of curing {unknown}
 t - a potion of cancellation {unknown}
Comestibles
 f - 5 rations
 g - 4 chunks of flesh


   Skills:
 + Level 4.2 Fighting
 + Level 5.4 Axes
 + Level 4.1 Armour
 - Level 3.6 Shields


You had 3 spell levels left.
You didn't know any spells.

Dungeon Overview and Level Annotations

Branches:
Dungeon (3/15)

Altars:
Yredelemnul

Annotations:
D:3 saruuu's ghost, amateur DrFi


Innate Abilities, Weirdness & Mutations

You reflexively headbutt those who attack you in melee.
You have a pair of horns on your head.


Message History

You feel sick. You block the goblin's attack. x2
You slash the goblin!
You kill the goblin!
Yredelemnul accepts your kill.
* * * LOW HITPOINT WARNING * * *
You feel sick.
You barely miss saruuu's ghost.
Saruuu's ghost is moderately damaged.
* * * LOW HITPOINT WARNING * * *
You feel sick. Saruuu's ghost hits you!
* * * LOW HITPOINT WARNING * * *
You block saruuu's ghost's attack.
You hit saruuu's ghost. Your headbutt misses saruuu's ghost.
Saruuu's ghost is heavily damaged.
* * * LOW HITPOINT WARNING * * *
You feel sick. You block saruuu's ghost's attack.
You hit saruuu's ghost. Your headbutt misses saruuu's ghost.
Saruuu's ghost is heavily damaged.
You die...
Your body rises from the dead as a mindless zombie.

#.....# .......##
........# .....$..#
........# #########
........# #..........#
........# #...........
.......(######...........
.......KW@..............#
........######...)......#
..(.....# #...........
!.......# #))........#
........# #.)........>
......... #.........##
#.....##.#####.........#
##### #......##########
###....#######..


You could see saruuu's ghost and a kobold.

Vanquished Creatures
  3 adders (D:2)
  2 worms (D:2)
  5 dart slugs
  5 leopard geckos
  8 bats
  5 giant cockroaches
  2 gnoll zombies (D:2)
  6 goblins
  10 hobgoblins
  3 jackals (D:1)
  A ball python (D:2)
  3 frilled lizards
  11 kobolds
  15 rats
79 creatures vanquished.

Notes
Turn   | Place    | Note
-------+----------+-------------------------------------------
     0 | D:1      | zishaf the Minotaur Fighter began the quest for the Orb.
     0 | D:1      | Reached XP level 1. HP: 19/19 MP: 0/0
    34 | D:1      | Reached skill level 3 in Axes
    80 | D:1      | Reached XP level 2. HP: 27/27 MP: 1/1
   224 | D:1      | Reached skill level 4 in Axes
   320 | D:1      | Reached XP level 3. HP: 31/33 MP: 2/2
  1012 | D:2      | Reached skill level 5 in Axes
  1094 | D:2      | Reached XP level 4. HP: 40/40 MP: 3/3
  1560 | D:2      | Found a basalt altar of Yredelemnul.
  1705 | D:2      | Became a worshipper of Yredelemnul the Dark
  1773 | D:3      | Noticed saruuu's ghost (amateur DrFi)
  1786 | D:3      | HP: 1/40 [poisoned by a kobold]
  1787 | D:3      | Succumbed to a kobold's poison

Skill      XL: |  1  2  3  4 |
---------------+-------------+-----
Axes           | 3 4 5 |  5.4
Fighting       | 4 |  4.2
Armour         | 4 |  4.1
Shields        | |  3.6

Action                   |  1- 3 |  4- 6 || total
-------------------------+-------+-------++-------
Melee: War axe           |   101 |    74 ||   175
       Headbutt          |    12 |     5 ||    17
  Eat: Chunk             |     1 |     2 ||     3
Armor: Scale mail        |    36 |    34 ||    70
Dodge: Dodged            |    30 |    21 ||    51
Block: Shield            |    52 |    40 ||    92
